 Dungeon Crawl Stone Soup version 0.32-a0-841-g4648e6c (webtiles) character file.

Game seed: 9504453570099096161

1985 Dorkslayer the Chopper (level 9, 0/59 HPs)
             Began as an Octopode Fighter on Mar 26, 2024.
             Was a Believer of Okawaru.
             Slain by a bullfrog (3 damage)
             ... on level 7 of the Dungeon.
             The game lasted 00:10:01 (4570 turns).

Dorkslayer the Chopper (Octopode Fighter)           Turns: 4570, Time: 00:10:01

Health: 0/59       AC:  1    Str: 19    XL:     9   Next: 21%
Magic:  11/11      EV: 13    Int: 16    God:    Okawaru [**....]
Gold:   403        SH:  5    Dex: 12    Spells: 8/8 levels left

rFire   . . .        a - +3 war axe (chaos)
rCold   . . .        b - +1 buckler
rNeg    . . .        (helmet restricted)
rPois   .            (no amulet)
rElec   .            l - +6 ring of intelligence
rCorr   .            c - ring of willpower
SInv    .            (no ring)
Will    ++...        (no ring)
Stlth   ++++         (no ring)
HPRegen 0.29/turn    (no ring)
MPRegen 0.12/turn    (no ring)
                     (no ring)

%: no passive effects
@: no status effects
A: almost no armour, amphibious, 8 rings, camouflage 1, gelatinous body 1,
(nimble swimmer 1), tentacles, beak, tentacle spike 1, strong-willed 1
a: Renounce Religion, Heroism


You were on level 7 of the Dungeon.
You worshipped Okawaru.
Okawaru was pleased with you.
You visited 2 branches of the dungeon, and saw 8 of its levels.

You collected 403 gold pieces.

Inventory:

Hand Weapons
 a - a +3 war axe of chaos (weapon)
Missiles
 g - 5 throwing nets
 n - 3 javelins
 p - 2 darts of dispersal (quivered)
 x - 5 datura-tipped darts
Armour
 b - a +1 buckler (worn)
Jewellery
 c - a ring of willpower (right tentacle)
 l - a +6 ring of intelligence (left tentacle)
 v - a ring of fire
Talismans
 m - a beast talisman
Wands
 j - a wand of paralysis (3)
Scrolls
 d - a scroll of fear
 e - a scroll of blinking
 f - 2 scrolls of teleportation
 h - 2 scrolls of fog
 i - a scroll of immolation
Potions
 k - a potion of attraction
 o - a potion of enlightenment {unknown}
 q - a potion of invisibility
 r - a potion of curing {unknown}
 s - a potion of brilliance
 t - a potion of mutation
 u - a potion of lignification {unknown}


   Skills:
 + Level 4.6 Fighting
 + Level 6.9 Axes
 + Level 0.2 Throwing
 + Level 4.4 Dodging
 + Level 6.6 Stealth
 + Level 4.0 Shields
 * Level 3.0 Invocations
 * Level 4.1 Evocations
 * Level 3.0 Shapeshifting


You had 8 spell levels left.
You didn't know any spells.
Your spell library contained the following spells:

 Spells                   Type           Power      Damage    Failure   Level
 Magic Dart               Conj           0%         1d3       30%         1
 Searing Ray              Conj           0%         2d4       43%         2
 Fulminant Prism          Conj/Alch      0%         3d5       97%         4


Dungeon Overview and Level Annotations

Branches:
Dungeon (7/15)             Temple (1/1) D:5

Altars:
Cheibriados
Dithmenos
Elyvilon
Fedhas
Gozag
Nemelex Xobeh
Okawaru
Qazlal
Ru
Sif Muna
Uskayaw
Vehumet
Wu Jian
Xom
Yredelemnul
The Shining One

Shops:
D:2 :

Annotations:
D:6 2 transporters, kasel's ghost, novice CoFi


Innate Abilities, Weirdness & Mutations

You cannot wear most types of armour.
You are amphibious.
You can wear up to eight rings at the same time.
Your skin changes colour to match your surroundings (Stealth+).
Your rubbery body absorbs attacks. (AC +1, EV +1)
((You are camouflaged when in or above water. (Stealth+)))
You have tentacles for arms and can constrict up to eight enemies at once.
You have a beak for a mouth.
One of your tentacles bears a spike.
You are strong-willed. (Will+)


Message History

The arrow closely misses you.
The centaur shoots an arrow.
The arrow misses you.
The centaur shoots an arrow.
The arrow barely misses you.
You hear an angry growl.
A black bear comes into view.
Found an escape hatch in the ceiling.
The bullfrog croaks.
The centaur shoots an arrow.
The arrow hits you.
The centaur shoots an arrow.
The arrow closely misses you.
The centaur shoots an arrow.
The arrow misses you. The bullfrog misses you.
The centaur unwields a +0 orcbow.
The centaur completely misses you. You block the centaur's attack.
The bullfrog hits you. The black bear closely misses you.
The black bear claws you. x2; The centaur closely misses you.
The centaur misses you.
You slash the centaur! You drain the centaur. You squeeze the centaur!
You kill the centaur!
Okawaru accepts your kill.
You closely miss the bullfrog. You hit the black bear.
You block the bullfrog's attack. The black bear bites you.
The black bear claws you. x2; The bullfrog hits you.
Your Invocations skill increases to level 3!
The bullfrog releases a deep croak.
The bullfrog attacks as it pursues you! The bullfrog hits you.
* * * LOW HITPOINT WARNING * * *
You see here a +0 orcbow.
You block the bullfrog's attack.
You barely miss the bullfrog. Your grab misses the bullfrog.
The bullfrog hits you!
* * * LOW HITPOINT WARNING * * *
The bullfrog closely misses you.
You closely miss the bullfrog. You grab the bullfrog.
You constrict the bullfrog. The bullfrog hits you.
* * * LOW HITPOINT WARNING * * *
It was a potion of mutation.
You feel extremely strange.
Your mouth lengthens and hardens into a beak!
One of your lower tentacles grows a sharp spike.
You feel strong-willed.
You constrict the bullfrog. The bullfrog hits you.
You die...

c##. .# #... .#
.....#######.# #
#.......@Fh#.#.#
#.##.#####...<.#
##.#.#.......#..#
#..####...#.#####....##
#.....<....# #.#.##
######..$### #.#.#
######..#######.#.#
#....†..........# #
##.#####.#########


You could see a black bear and a bullfrog.

Vanquished Creatures
  Sigmund (D:3)
  A steam dragon (D:7)
  A water moccasin (D:7)
  2 sky beasts (D:6)
  An ice beast (D:6)
  An ogre (D:5)
  A centaur (D:7)
  A phantom (D:7)
  A gnoll sergeant (D:5)
  4 scorpions
  2 bullfrogs (D:6)
  A water moccasin zombie (D:4)
  2 howler monkeys (D:7)
  A bombardier beetle (D:3)
  2 orc priests (D:5)
  3 hounds
  Jessica (D:3)
  2 iguanas
  Ijyb (D:3)
  An orc wizard (D:4)
  A hound zombie (D:4)
  5 gnolls (D:5)
  7 adders
  2 ufetubi (D:6)
  2 adder zombies (D:4)
  A ribbon worm (D:4)
  A dart slug (D:3)
  8 orcs
  7 ball pythons
  9 endoplasms
  5 giant cockroaches
  7 hobgoblins
  3 jackals (D:1)
  A quokka (D:4)
  7 bats
  3 frilled lizards
  8 goblins
  8 kobolds
  10 rats
125 creatures vanquished.

Notes
Turn   | Place    | Note
-------+----------+-------------------------------------------
     0 | D:1      | Dorkslayer the Octopode Fighter began the quest for the
                  | Orb.
     0 | D:1      | Reached XP level 1. HP: 16/16 MP: 1/1
   111 | D:1      | Reached XP level 2. HP: 21/21 MP: 2/2
   333 | D:1      | Reached skill level 1 in Stealth
   523 | D:1      | Reached XP level 3. HP: 26/26 MP: 3/3
   831 | D:2      | Found Liphiucic's Vocational Training.
  1352 | D:3      | Noticed Sigmund
  1364 | D:3      | Killed Sigmund
  1365 | D:3      | Reached XP level 4. HP: 33/33 MP: 4/4
  1365 | D:3      | Reached XP level 5. HP: 37/37 MP: 5/5
  1431 | D:3      | Noticed Jessica
  1445 | D:3      | Killed Jessica
  1446 | D:3      | Reached XP level 6. HP: 22/43 MP: 6/6
  1758 | D:3      | Found a stormy altar of Qazlal.
  1873 | D:3      | Noticed Ijyb
  1885 | D:3      | Killed Ijyb
  2111 | D:4      | Found a shimmering blue altar of Sif Muna.
  2240 | D:4      | Reached skill level 1 in Evocations
  2240 | D:4      | Reached XP level 7. HP: 46/47 MP: 7/7
  2349 | D:4      | Reached skill level 5 in Stealth
  2385 | D:4      | Reached skill level 1 in Shapeshifting
  2466 | D:4      | Found a basalt altar of Yredelemnul.
  2699 | D:5      | Entered Level 5 of the Dungeon
  2714 | D:5      | Reached skill level 5 in Axes
  2942 | D:5      | Found a staircase to the Ecumenical Temple.
  2949 | Temple   | Entered the Ecumenical Temple
  2975 | Temple   | Became a worshipper of Warmaster Okawaru
  3018 | D:5      | Found an opulent altar of Gozag.
  3353 | D:5      | Reached XP level 8. HP: 8/54 MP: 8/8
  3796 | D:6      | Reached skill level 1 in Invocations
  3809 | D:6      | Reached * piety under Okawaru
  4075 | D:6      | Found a transporter.
  4273 | D:6      | Noticed a queen bee
  4341 | D:6      | Found a transporter.
  4370 | D:6      | Noticed a hornet
  4415 | D:6      | Noticed kasel's ghost (novice CoFi)
  4438 | D:7      | Reached ** piety under Okawaru
  4439 | D:7      | Reached XP level 9. HP: 33/59 MP: 9/11
  4570 | D:7      | Gained mutation: You have a beak for a mouth. [potion of
                  | mutation]
  4570 | D:7      | Gained mutation: One of your tentacles bears a spike.
                  | [potion of mutation]
  4570 | D:7      | Gained mutation: You are strong-willed. (Will+) [potion of
                  | mutation]
  4570 | D:7      | Slain by a bullfrog

Illustrated notes

Levels and vault maps discovered:
D:1:      roderic_dead_forest, layout_loops_ring
D:2:      layout_basic, nicolae_shop_vocational
D:3:      layout_loops_cross, lemuel_round_altar, kennysheep_minor_cross,
          nrook_mini_backslash, uniq_ijyb, uniq_jessica, uniq_sigmund
D:4:      layout_basic, nicolae_yredelemnul_corpse_copse,
          nicolae_sif_muna_condensation
D:5:      layout_basic, mainiacjoe_overflow_brackets, minmay_temple_entry_wispy
D:6:      layout_basic, gammafunk_ghost_hive
D:7:      layout_loops_ring, kennysheep_mini_moat, minmay_misc_feat_encased,
          kennysheep_generic_room_15
Temple:   chequers_temple_sunken

Skill      XL: |  1  2  3  4  5  6  7  8  9 |
---------------+----------------------------+-----
Stealth        | 1 3 4 5 6 |  6.6
Axes           | 3 4 5 6 |  6.9
Evocations     | 1 2 3 4 |  4.1
Shapeshifting  | 1 2 3 |  3.0
Fighting       | 4 |  4.6
Invocations    | 2 3 |  3.0
Dodging        | 4 |  4.4
Shields        | 4 |  4.0
Throwing       | |  0.2

Action                     |  1- 3 |  4- 6 |  7- 9 || total
---------------------------+-------+-------+-------++-------
  Melee: War axe           |    61 |    48 |   107 ||   216
         Constrict         |    18 |     8 |    24 ||    50
         Tentacles         |     7 |     9 |    32 ||    48
  Throw: Dart              |     2 |       |     1 ||     3
  Evoke: Wand              |       |       |     2 ||     2
    Use: Scroll            |     8 |     4 |     6 ||    18
         Potion            |     2 |       |     2 ||     4
   Stab: Sleeping          |    11 |    14 |     7 ||    32
         Invisible         |     1 |       |       ||     1
         Paralysed         |       |       |     3 ||     3
 Armour: Skin              |    33 |    15 |    70 ||   118
  Dodge: Dodged            |    44 |    25 |    92 ||   161
  Block: Buckler           |    12 |    11 |    44 ||    67

Table legend: (Time is in decaauts)
 A = Elapsed time spent in this place.
 B = Non-inter-level travel time spent in this place.
 C = Inter-level travel time spent in this place.
 D = Time resting spent in this place.
 E = Time spent auto-exploring this place.
 F = Levels seen in this place.
 G = Mean time per level.
                   A        B        C        D        E       F      G
               +--------+--------+--------+--------+--------+-----+--------+
         Total |   4637 |   4637 |      0 |     79 |   2393 |   8 |  579.6 |
       Dungeon |   4582 |   4582 |      0 |     79 |   2393 |   7 |  654.6 |
        Temple |     54 |     54 |      0 |      0 |      0 |   1 |   54.0 |
               +--------+--------+--------+--------+--------+-----+--------+

Top non-repeatable levels by time:
     D:5: 999 daAuts
     D:3: 776 daAuts
     D:6: 693 daAuts
     D:2: 691 daAuts
     D:1: 666 daAuts
     D:4: 613 daAuts
     D:7: 142 daAuts
  Temple: 54 daAuts
